[Event "ICCopen2017"]
[Site "Internet Chess Club"]
[Date "2017.04.02"]
[Round "4"]
[White "anitak"]
[Black "MrBoris"]
[Result "0-1"]
[ICCResult "White forfeits on time"]
[WhiteElo "2076"]
[BlackElo "2038"]
[Opening "English: closed system"]
[ECO "A25"]
[NIC "EO.17"]
[Time "19:40:48"]
[TimeControl "180+0"]

1. c4 e5 2. Nc3 Nc6 3. g3 g6 4. Bg2 Bg7 5. e3 d6 6. Nge2 h5 7. h4 Nge7 8.
Rb1 a5 9. a3 Bg4 10. b4 axb4 11. axb4 Qc8 12. d3 O-O 13. Qc2 Be6 14. Nd5 Re8
15. O-O Nd8 16. b5 Nxd5 17. cxd5 Bd7 18. b6 c5 19. dxc6 Bxc6 20. Qb3 Bxg2
21. Kxg2 Nc6 22. e4 Qd7 23. Be3 Kh7 24. Nc3 f5 25. f3 Rf8 26. Nd5 f4 27. Bf2
fxg3 28. Kxg3 Bh6 29. Qd1 Ra3 30. Kg2 Qf7 31. Bg1 Ra2+ 32. Rf2 Rxf2+ 33.
Bxf2 g5 34. hxg5 Bxg5 35. Qe2 Rg8 36. Rg1 Be3+ 37. Kf1 Rxg1+ 38. Bxg1 Bxg1
39. Kxg1 Nd4 40. Qe3 Nxf3+ 41. Kg2 Nd4 42. Qg5 Qf3+ 43. Kh2 Qe2+ 44. Kh3
Qxd3+ 45. Kh4 Nf3+ 46. Kxh5 Nxg5 47. Kxg5 Kg7 48. Kf5 Qf3+ 49. Ke6 Qxe4 50.
Kxd6 Qd4 {White forfeits on time} 0-1

[Event "ICCopen2017"]
[Site "Internet Chess Club"]
[Date "2017.04.02"]
[Round "4"]
[White "FGM21"]
[Black "nurmi"]
[Result "0-1"]
[ICCResult "White forfeits on time"]
[WhiteElo "1900"]
[BlackElo "2376"]
[Opening "Sicilian: Pelikan, Chelyabinsk variation"]
[ECO "B33"]
[NIC "SI.37"]
[Time "19:40:45"]
[TimeControl "180+0"]

1. e4 c5 2. Nf3 Nc6 3. d4 cxd4 4. Nxd4 Nf6 5. Nc3 e5 6. Ndb5 d6 7. Bg5 a6 8.
Na3 b5 9. Nd5 Be7 10. Bxf6 Bxf6 11. c4 b4 12. Nc2 Rb8 13. b3 Bg5 14. Bd3 O-O
15. O-O Qa5 16. Qh5 Bd8 17. f4 Qc5+ 18. Kh1 exf4 19. Rxf4 Be6 20. Raf1 Ne5
21. Be2 a5 22. g4 a4 23. g5 Ng6 24. Rf5 Qa7 25. R1f3 Re8 26. Bd3 axb3 27.
axb3 Qa2 28. e5 Bxf5 29. Bxf5 Rxe5 30. Qg4 Qb1+ 31. Qg1 Qxg1+ 32. Kxg1 Nh4
33. Bg4 Nxf3+ 34. Bxf3 Rxg5+ 35. Kf1 Rxd5 36. Bxd5 Kf8 37. Nd4 Bf6 38. Nc6
Rb6 39. Ke2 Bc3 40. h3 Ra6 41. Kd3 Ra2 42. c5 dxc5 43. Kc4 Rh2 44. Kxc5 Rxh3
45. Nxb4 Bxb4+ 46. Kxb4 h5 47. Kc5 Rc3+ 48. Kd4 Rc8 49. b4 Rb8 50. Kc5 Ke7
51. b5 g5 52. b6 f5 53. b7 Kf6 54. Kd4 g4 55. Ke3 Ke5 56. Bc6 f4+ 57. Kf2
Kf5 58. Kg2 Kg5 59. Kh2 h4 60. Kg2 h3+ 61. Kh2 Kh4 62. Kg1 g3 63. Kf1 Kg4
64. Ke2 g2 65. Kf2 Kh4 66. Bf3 Rd8 67. Ke2 Kg3 {White forfeits on time} 0-1

[Event "ICCopen2017"]
[Site "Internet Chess Club"]
[Date "2017.04.02"]
[Round "4"]
[White "RobertoJBM"]
[Black "Federicov"]
[Result "0-1"]
[ICCResult "White resigns"]
[WhiteElo "2629"]
[BlackElo "3094"]
[Opening "Queen's pawn: Yusupov-Rubinstein system"]
[ECO "A46"]
[NIC "QP.06"]
[Time "19:42:29"]
[TimeControl "180+0"]

1. d4 Nf6 2. Nf3 e6 3. e3 b6 4. Bd3 Bb7 5. O-O Be7 6. Qe2 d5 7. c4 O-O 8.
Nc3 Nbd7 9. b3 c5 10. Bb2 cxd4 11. Nxd4 Ne5 12. cxd5 Nxd3 13. Qxd3 Nxd5 14.
Qe2 Rc8 15. Rac1 Nxc3 16. Rxc3 Qd5 17. Qf3 Qxf3 18. Nxf3 Rxc3 19. Bxc3 Rc8
20. Bd4 f6 21. h3 e5 22. Ba1 Kf7 23. Rd1 Ke6 24. Ne1 a5 25. Bb2 h5 26. f3 g5
27. e4 g4 28. hxg4 hxg4 29. Kf2 Bc5+ 30. Kg3 Rg8 31. Nd3 gxf3+ 32. Kxf3
Bxe4+ 33. Kxe4 f5+ 34. Kf3 e4+ 35. Ke2 Rxg2+ 36. Kf1 Rg1+ 37. Ke2 exd3+ 38.
Kd2 Rxd1+ 39. Kxd1 Kd5 40. Kd2 Ke4 41. Bg7 f4 {White resigns} 0-1

[Event "ICCopen2017"]
[Site "Internet Chess Club"]
[Date "2017.04.02"]
[Round "4"]
[White "wmanthony"]
[Black "Cramagica"]
[Result "0-1"]
[ICCResult "White forfeits on time"]
[WhiteElo "1299"]
[BlackElo "1129"]
[Opening "Sicilian: Smith-Morra gambit"]
[ECO "B21"]
[NIC "SI.48"]
[Time "19:41:17"]
[TimeControl "180+0"]

1. e4 c5 2. d4 cxd4 3. c3 dxc3 4. Nxc3 e6 5. Nf3 a6 6. Bc4 b5 7. Bb3 Bb7 8.
O-O Nc6 9. Re1 Na5 10. Bg5 Be7 11. Bxe7 Nxe7 12. e5 Nxb3 13. axb3 O-O 14.
Ne4 Nd5 15. Nd6 Bc6 16. Nd4 Qb6 17. Nxc6 Qxc6 18. Rc1 Qb6 19. Re4 f5 20. Rh4
g6 21. Qd2 Qd8 22. Qh6 Qe7 23. Rd1 Qg7 24. Qd2 Qxe5 25. Nb7 Rac8 26. Na5 Rf7
27. b4 d6 {White forfeits on time} 0-1

[Event "ICCopen2017"]
[Site "Internet Chess Club"]
[Date "2017.04.02"]
[Round "4"]
[White "MeneerMandje"]
[Black "ChessOptimist"]
[Result "0-1"]
[ICCResult "White forfeits on time"]
[WhiteElo "1905"]
[BlackElo "2038"]
[Opening "French: Tarrasch, open variation, main line"]
[ECO "C09"]
[NIC "FR.23"]
[Time "19:40:59"]
[TimeControl "180+0"]

1. e4 e6 2. d4 d5 3. Nd2 c5 4. exd5 exd5 5. Ngf3 Nc6 6. Bb5 Bd6 7. O-O Ne7
8. dxc5 Bxc5 9. Nb3 Bd6 10. Bg5 O-O 11. Re1 Re8 12. c3 Bd7 13. h3 h6 14. Bh4
a6 15. Bd3 Qc7 16. Qc2 g5 17. Nxg5 hxg5 18. Bxg5 Bf4 19. Bf6 Bh6 20. Qe2 Qf4
21. Bd4 Nf5 22. Qh5 Ncxd4 23. cxd4 Qg5 24. Qxg5+ Bxg5 25. Nc5 Be6 26. Nxb7
Nxd4 27. Rad1 Nc6 28. Nc5 Bf6 29. Nxa6 Re7 30. b4 Rae8 31. b5 Nd4 32. b6 Bc8
33. Rb1 Rxe1+ 34. Rxe1 Rxe1+ 35. Kh2 Be5+ 36. g3 Bb7 37. Nc5 Nf3+ 38. Kg2 d4
39. Nxb7 Rd1 40. Be2 Ne1+ 41. Kf1 Rb1 42. Nc5 Nd3+ 43. Kg2 Nxc5 44. f4 Bxf4
45. gxf4 Rxb6 46. Bc4 Rb2+ 47. Kf3 Rc2 48. Bd5 d3 49. Ke3 d2 50. Ke2 Rb2 51.
a4 Nxa4 52. f5 Nc3+ {White forfeits on time} 0-1

[Event "ICCopen2017"]
[Site "Internet Chess Club"]
[Date "2017.04.02"]
[Round "4"]
[White "makingnosense"]
[Black "domti"]
[Result "0-1"]
[ICCResult "White checkmated"]
[WhiteElo "2098"]
[BlackElo "1978"]
[Opening "Nimzo-Indian: Sämisch variation"]
[ECO "E29"]
[NIC "NI.11"]
[Time "19:41:52"]
[TimeControl "180+0"]

1. d4 Nf6 2. c4 e6 3. Nc3 Bb4 4. e3 O-O 5. a3 Bxc3+ 6. bxc3 c5 7. Bd3 d5 8.
cxd5 Qxd5 9. f3 cxd4 10. cxd4 Nc6 11. Ne2 Qd6 12. O-O e5 13. Bb2 exd4 14.
Nxd4 Ne5 15. Be2 Re8 16. Qb3 Be6 17. Nxe6 Qxe6 18. Qxe6 Rxe6 19. e4 Rc8 20.
Rac1 Rec6 21. Rxc6 Nxc6 22. g4 Nd7 23. Rd1 Nc5 24. Rd5 b6 25. Kf2 Kf8 26.
Ke3 Ne6 27. f4 Na5 28. f5 Nc7 29. Rd7 Ke8 30. Rd1 f6 31. g5 Ke7 32. Rg1 Ne8
33. e5 fxe5 34. Bxe5 Rc5 35. Kf4 Nc6 36. Ba1 Ra5 37. Bh5 Nd6 38. f6+ gxf6
39. gxf6+ Ke6 40. Bg4+ Kf7 41. Bh5+ Rxh5 42. Rg7+ Ke6 43. Rc7 Rf5+ 44. Kg4
Ne5+ 45. Bxe5 Kxe5 46. Rxa7 Rxf6 47. Rxh7 Rg6+ 48. Kf3 Nf5 49. h4 Rc6 50. h5
Rc3+ 51. Kg4 Rg3# {White checkmated} 0-1

[Event "ICCopen2017"]
[Site "Internet Chess Club"]
[Date "2017.04.02"]
[Round "4"]
[White "HighGround"]
[Black "hangin"]
[Result "0-1"]
[ICCResult "White checkmated"]
[WhiteElo "1326"]
[BlackElo "1257"]
[Opening "Sicilian, Chekhover variation"]
[ECO "B53"]
[NIC "SI.02"]
[Time "19:41:36"]
[TimeControl "180+0"]

1. e4 c5 2. Nf3 d6 3. d4 cxd4 4. Qxd4 Nc6 5. Bb5 Bd7 6. Bxc6 Bxc6 7. Nc3 Nf6
8. Bg5 e6 9. O-O-O Be7 10. h3 O-O 11. g4 Rc8 12. Kb1 a6 13. Rhg1 Qc7 14. Bh4
Rfd8 15. Bg3 b5 16. a3 a5 17. Rd2 b4 18. axb4 axb4 19. Qxb4 Nxe4 20. Nxe4
Bxe4 21. Qxe4 Ra8 22. Rd3 Qb6 23. Rb3 Qc5 24. Qd4 Qc6 25. Qb6 Qe4 26. Re1
Qg6 27. Qb7 Bf6 28. Bxd6 Rdc8 29. Ne5 Qxc2# {White checkmated} 0-1

[Event "ICCopen2017"]
[Site "Internet Chess Club"]
[Date "2017.04.02"]
[Round "4"]
[White "vbtry3"]
[Black "blunderville"]
[Result "1/2-1/2"]
[ICCResult "White ran out of time and Black has no material to mate"]
[WhiteElo "1728"]
[BlackElo "1534"]
[Opening "Pirc: Byrne variation"]
[ECO "B07"]
[NIC "PU.09"]
[Time "19:40:55"]
[TimeControl "180+0"]

1. e4 d6 2. d4 Nf6 3. Nc3 g6 4. Bg5 Bg7 5. f3 c6 6. Qd2 Nbd7 7. O-O-O b5 8.
Bd3 a5 9. Bh6 Bxh6 10. Qxh6 Ba6 11. h4 b4 12. Na4 Bxd3 13. cxd3 Nb6 14. Nxb6
Qxb6 15. Ne2 a4 16. Kb1 O-O-O 17. g4 Kb8 18. Qf4 Nd7 19. Qxf7 c5 20. Qxe7
cxd4 21. Rc1 Nc5 22. Nxd4 a3 23. Ne6 axb2 24. Rc2 Rhe8 25. Qc7+ Qxc7 26.
Nxc7 Kxc7 27. d4 b3 28. axb3 Kb6 29. dxc5+ dxc5 30. Kxb2 Rd3 31. Rf1 Rf8 32.
Rc3 c4 33. Rxd3 cxd3 34. Kc3 Rd8 35. Kd2 Kc5 36. Rc1+ Kb4 37. Rc3 Ra8 38.
Rxd3 Ra2+ 39. Ke3 Kc5 40. Kf4 Rh2 41. Kg5 h6+ 42. Kxg6 Rxh4 43. e5 Rh1 44.
e6 Re1 45. Kf7 Rf1 46. e7 Rxf3+ 47. Kg8 Rxd3 48. e8=Q Rd6 49. Qc8+ Kd5 50.
Qa8+ Ke6 51. Qf8 Kd5 52. Qxd6+ Kxd6 53. Kg7 Kc5 54. Kxh6 Kb4 55. g5 Kxb3 56.
g6 Kc4 {White ran out of time and Black has no material to mate} 1/2-1/2

[Event "ICCopen2017"]
[Site "Internet Chess Club"]
[Date "2017.04.02"]
[Round "4"]
[White "blackending"]
[Black "kamalchandran"]
[Result "0-1"]
[ICCResult "White forfeits on time"]
[WhiteElo "1501"]
[BlackElo "1785"]
[Opening "Ruy Lopez: open (Tarrasch) defense"]
[ECO "C80"]
[NIC "RL.27"]
[Time "19:42:09"]
[TimeControl "180+0"]

1. e4 e5 2. Nf3 Nc6 3. Bb5 a6 4. Ba4 Nf6 5. O-O Nxe4 6. Re1 Nc5 7. Bxc6 dxc6
8. Nxe5 Be7 9. d4 Ne6 10. c3 O-O 11. Nd2 f6 12. Nef3 Re8 13. Nf1 Nf8 14. Ng3
Bg4 15. h3 Bh5 16. Nxh5 Qd5 17. Ng3 c5 18. Qb3 c4 19. Qc2 c5 20. Qe4 Qd6 21.
Bf4 Qb6 22. Qd5+ Kh8 23. dxc5 Bxc5 24. Rxe8 Bxf2+ 25. Kh2 Rxe8 26. Qxc4 Qxb2
27. Rf1 Ng6 28. Bd6 b5 29. Qf7 Rg8 30. Nf5 Bb6 31. Ne7 Nxe7 32. Bxe7 Qxc3
33. Bd6 Qc6 34. Bg3 Re8 35. Re1 Rg8 36. Re7 b4 37. Nh4 Qc1 38. Nf3 a5 39. h4
a4 40. h5 b3 41. h6 Qxh6+ {White forfeits on time} 0-1

[Event "ICCopen2017"]
[Site "Internet Chess Club"]
[Date "2017.04.02"]
[Round "4"]
[White "isurox"]
[Black "Dupinpon"]
[Result "0-1"]
[ICCResult "White checkmated"]
[WhiteElo "1768"]
[BlackElo "1601"]
[Opening "King's Indian, 3.Nf3"]
[ECO "E61"]
[NIC "QP.06"]
[Time "19:41:34"]
[TimeControl "180+0"]

1. d4 Nf6 2. Nf3 g6 3. c4 Bg7 4. Nc3 O-O 5. Bg5 h6 6. Bh4 c5 7. e3 Qa5 8.
Qc2 d6 9. d5 Bf5 10. Bd3 Bxd3 11. Qxd3 Na6 12. O-O Nc7 13. e4 g5 14. Bg3 Nh5
15. Rfe1 Nxg3 16. hxg3 a6 17. e5 b5 18. cxb5 axb5 19. exd6 exd6 20. Rab1 c4
21. Qc2 b4 22. Ne4 Qxd5 23. Rbd1 Qf5 24. Qxc4 d5 25. Qxc7 dxe4 26. Nd2 Rxa2
27. Nxe4 Rxb2 28. Rd3 Bc3 29. Rf3 Qg6 30. Ree3 Rb1+ 31. Kh2 Qh5#
{White checkmated}
0-1

[Event "ICCopen2017"]
[Site "Internet Chess Club"]
[Date "2017.04.02"]
[Round "4"]
[White "TZ700A"]
[Black "TennKid84"]
[Result "0-1"]
[ICCResult "White resigns"]
[WhiteElo "1415"]
[BlackElo "1749"]
[Opening "Caro-Kann: advance variation"]
[ECO "B12"]
[NIC "CK.04"]
[Time "19:41:20"]
[TimeControl "180+0"]

1. e4 c6 2. d4 d5 3. e5 Bf5 4. Nf3 e6 5. Bd3 Bg6 6. O-O Qb6 7. c4 Ne7 8.
cxd5 Nxd5 9. Nc3 Bb4 10. Nxd5 cxd5 11. Bxg6 hxg6 12. a3 Be7 13. b4 Nd7 14.
Bg5 Qd8 15. Bxe7 Qxe7 16. Rc1 Nb6 17. Rc5 Nc4 18. Qa4+ Kf8 19. Rd1 b6 20.
Rxc4 dxc4 21. Rc1 Qc7 22. Qb5 Rc8 23. Nd2 c3 24. Ne4 Rh4 25. Nxc3 Rxd4 26.
h3 Rc4 27. Ne2 Rxc1+ 28. Nxc1 Qxc1+ 29. Kh2 Qc6 30. Qd3 Ke7 31. Qg3 Qc1 32.
Qh4+ Qg5 33. Qd4 Rd8 34. Qe4 Qf5 35. Qb7+ Rd7 36. Qb8 g5 37. a4 g4 38. hxg4
Qxg4 39. a5 Qh4+ {White resigns} 0-1

[Event "ICCopen2017"]
[Site "Internet Chess Club"]
[Date "2017.04.02"]
[Round "4"]
[White "YHWH"]
[Black "carpedef"]
[Result "0-1"]
[ICCResult "White forfeits on time"]
[WhiteElo "1536"]
[BlackElo "1794"]
[Opening "King's Indian defense, 3.Nc3"]
[ECO "E61"]
[NIC "KI.80"]
[Time "19:40:56"]
[TimeControl "180+0"]

1. d4 Nf6 2. c4 g6 3. Nc3 d6 4. Bg5 Bg7 5. Qd2 c5 6. d5 O-O 7. e4 b5 8. Bxf6
Bxf6 9. Nxb5 Qb6 10. Nc3 Nd7 11. Rc1 Ba6 12. f4 Rab8 13. b3 Qa5 14. Bd3 e6
15. Nge2 Nb6 16. O-O exd5 17. exd5 Nd7 18. Qc2 Rfe8 19. f5 Bg7 20. fxg6 hxg6
21. Nf4 Ne5 22. Be4 Qd8 23. Rce1 Qg5 24. Nh3 Qh6 25. Kh1 Bc8 26. Nf4 g5 27.
Nd3 Ng4 28. h3 Bd4 29. Rf3 Ne5 30. Nxe5 Bxe5 31. Ref1 Rb7 32. Ne2 g4 33. Rd3
f6 34. Kg1 Rg7 35. hxg4 Rxg4 36. Bf3 Rg7 37. Ng3 Bg4 38. Bxg4 Rxg4 39. Nf5
Qg5 40. Rdf3 Rf8 {White forfeits on time} 0-1

[Event "ICCopen2017"]
[Site "Internet Chess Club"]
[Date "2017.04.02"]
[Round "4"]
[White "blackjack721"]
[Black "TeddyBear"]
[Result "0-1"]
[ICCResult "White forfeits on time"]
[WhiteElo "1325"]
[BlackElo "1649"]
[Opening "Caro-Kann: Hillbilly attack"]
[ECO "B10"]
[NIC "CK.01"]
[Time "19:41:14"]
[TimeControl "180+0"]

1. e4 c6 2. Bc4 d5 3. exd5 cxd5 4. Be2 e5 5. c3 f5 6. h4 Nf6 7. h5 Bc5 8. d3
Qb6 9. Nh3 Ng4 10. Bxg4 fxg4 11. b4 gxh3 12. bxc5 hxg2 13. Rg1 Qxc5 14. Be3
Kf8 15. Rxg2 Ke8 16. Rxg7 d4 17. cxd4 exd4 18. Qa4+ Nc6 19. Bg5 Qe5+ 20. Kf1
Qxg7 21. f4 h6 22. Bh4 Bh3+ 23. Ke1 Qg1+ 24. Kd2 Rg8 25. Kc2 Rg2+ 26. Kb3
Qd1+ 27. Ka3 Qxd3+ 28. Qb3 Qa6+ 29. Qa4 Qxa4+ 30. Kxa4 Rg1 31. Kb5 d3 32.
Bf2 Rf1 33. Be3 Bd7 34. Kc4 Bf5 35. Bd2 Kf7 36. Bc3 Rc8 37. Kd5 Ne7+ 38. Ke5
Rxc3 39. Nxc3 Rxa1 40. Nd5 Nxd5 41. Kxf5 d2 42. Ke5 d1=Q 43. f5 Nf6 44. Kf4
Qd4+ 45. Kg3 Rxa2 {White forfeits on time} 0-1

[Event "ICCopen2017"]
[Site "Internet Chess Club"]
[Date "2017.04.02"]
[Round "4"]
[White "DoctorWho"]
[Black "Fighterman"]
[Result "0-1"]
[ICCResult "White forfeits on time"]
[WhiteElo "1953"]
[BlackElo "2432"]
[Opening "Grünfeld: exchange, Spassky variation"]
[ECO "D87"]
[NIC "GI.04"]
[Time "19:41:15"]
[TimeControl "180+0"]

1. d4 Nf6 2. c4 g6 3. Nc3 d5 4. cxd5 Nxd5 5. e4 Nxc3 6. bxc3 Bg7 7. Bb5+ c6
8. Bc4 c5 9. Ne2 O-O 10. O-O Nc6 11. Be3 Na5 12. Bb3 Nxb3 13. Qxb3 Qc7 14.
Rfd1 Bg4 15. f3 Be6 16. d5 Bd7 17. Rab1 b5 18. Qa3 Rfc8 19. Bf4 Qb6 20. Be3
a5 21. Qb3 Qc7 22. g3 b4 23. Qc2 Qd8 24. Kg2 Qe8 25. Rdc1 Ba4 26. Qd2 Bb5
27. c4 Bd7 28. Bh6 Bh8 29. h4 e6 30. h5 exd5 31. cxd5 c4 32. hxg6 fxg6 33.
Nd4 c3 34. Qe3 Qe5 35. Ne6 Bxe6 36. dxe6 Qxe6 37. Rc2 Rd8 38. Bg5 Rd7 39. g4
Re8 40. Bf4 Bd4 41. Qc1 Bg7 42. Qe3 Rf7 43. Kg3 Ref8 44. Bg5 Rxf3+ 45. Qxf3
Rxf3+ 46. Kxf3 h6 47. Bf4 Qf7 48. Rf1 g5 49. Kg3 gxf4+ 50. Kh3 Be5 51. Rcf2
c2 52. g5 Qd7+ 53. Kh4 hxg5+ 54. Kh5 c1=Q 55. Kg6 Qh7+ {White forfeits on
time} 0-1

[Event "ICCopen2017"]
[Site "Internet Chess Club"]
[Date "2017.04.02"]
[Round "4"]
[White "kwameh72"]
[Black "fernandomata"]
[Result "0-1"]
[ICCResult "White forfeits on time"]
[WhiteElo "1533"]
[BlackElo "1827"]
[Opening "French: Rubinstein variation"]
[ECO "C10"]
[NIC "FR.04"]
[Time "19:42:04"]
[TimeControl "180+0"]

1. d4 e6 2. Nc3 d5 3. e4 dxe4 4. f3 Nd7 5. fxe4 c5 6. d5 exd5 7. exd5 Ngf6
8. Nf3 Bd6 9. Bg5 h6 10. Bh4 O-O 11. Be2 Re8 12. Qd2 Ne5 13. O-O-O Nxf3 14.
gxf3 a6 15. Rdg1 Kh8 16. Ne4 Be5 17. Bd3 Nxe4 18. Bxe4 Qxh4 19. Kb1 Qf6 20.
c3 Bf5 21. Qg2 Bxe4+ 22. fxe4 b5 23. Rf1 Qg5 24. Qf3 b4 25. h4 Qe7 26. c4
Rf8 27. Qf5 a5 28. Rhg1 a4 29. Rf2 Ra6 30. h5 Rf6 31. Qg4 Rxf2 32. b3 Rb2+
33. Kc1 Rxa2 34. bxa4 b3 35. a5 Ra1+ 36. Kd2 Rxg1 {White forfeits on time}
0-1

[Event "ICCopen2017"]
[Site "Internet Chess Club"]
[Date "2017.04.02"]
[Round "4"]
[White "splashlee2010"]
[Black "ElTopo"]
[Result "1-0"]
[ICCResult "Black forfeits on time"]
[WhiteElo "1244"]
[BlackElo "1319"]
[Opening "Sicilian defense"]
[ECO "B30"]
[NIC "SI.31"]
[Time "19:42:02"]
[TimeControl "180+0"]

1. e4 c5 2. Nf3 Nc6 3. Bc4 e6 4. c3 d5 5. exd5 exd5 6. Bb3 Nf6 7. O-O Be6 8.
Qe2 Be7 9. Ng5 Qd7 10. Nxe6 fxe6 11. d3 O-O 12. Bg5 Kh8 13. Nd2 Rae8 14.
Rae1 e5 15. Nf3 e4 16. dxe4 dxe4 17. Nd2 Ne5 18. Bxf6 Bxf6 19. Nxe4 Qf5 20.
Nxf6 Rxf6 21. f4 Qg4 22. fxe5 Rxf1+ 23. Qxf1 h6 24. h3 Qg5 25. Qf3 Rxe5 26.
Rxe5 Qxe5 27. Kf2 Qd6 28. Qe3 Qf6+ 29. Kg1 Qd6 30. Qe8+ Kh7 31. Qe4+ g6 32.
Qxb7+ Kh8 33. Qc8+ Kg7 34. Qg8+ Kf6 35. Qf7+ Kg5 36. h4+
{Black forfeits on time}
1-0

[Event "ICCopen2017"]
[Site "Internet Chess Club"]
[Date "2017.04.02"]
[Round "4"]
[White "TerryR"]
[Black "jefferyx"]
[Result "1-0"]
[ICCResult "Black resigns"]
[WhiteElo "2610"]
[BlackElo "2776"]
[Opening "King's Indian: Torre attack"]
[ECO "A48"]
[NIC "QP.01"]
[Time "19:41:13"]
[TimeControl "180+0"]

1. d4 Nf6 2. Nf3 g6 3. Bg5 Bg7 4. Nbd2 h6 5. Bh4 d6 6. e4 g5 7. Bg3 Nh5 8.
c3 e6 9. Bc4 Nc6 10. Qe2 Bd7 11. a4 Qe7 12. a5 a6 13. Bd3 f5 14. Ng1 Nf6 15.
exf5 exf5 16. h4 f4 17. Bh2 O-O-O 18. Qxe7 Nxe7 19. Ngf3 Ng4 20. Bg1 Nc6 21.
hxg5 hxg5 22. Rxh8 Rxh8 23. Nxg5 Rh5 24. Nh3 Bh6 25. b4 Nf6 26. Nf3 Ne7 27.
Kd2 Bxh3 28. gxh3 Rxh3 29. Ke2 Nfd5 30. Rc1 Kd8 31. Be4 c6 32. Kf1 Nf6 33.
Kg2 Rh5 34. Bd3 Nfd5 35. Bh2 Bg7 36. Be4 Bf6 37. Ne1 Rg5+ 38. Kf1 Rh5 39.
Kg2 Rh8 40. Nd3 Rg8+ 41. Kf3 Bg5 42. c4 Nf6 43. Bxf4 Nxe4 44. Kxe4 d5+ 45.
cxd5 Nxd5 46. Rg1 Re8+ 47. Be5 Be7 48. Rg7 Kc8 49. f4 Nxb4 50. Rxe7 Rxe7 51.
Nxb4 Rh7 52. f5 Rh4+ 53. Kd3 Kd7 54. Kc4 Rh1 55. Nd3 Ra1 56. Nc5+ Kc8 57. f6
Rf1 58. Ne4 Kd7 59. Nd6 Rb1 60. f7 Ke7 61. Bg7 Rc1+ 62. Kd3 Rf1 63. f8=Q+
Rxf8 64. Bxf8+ Kxf8 65. Nxb7 Ke7 66. Nc5 Kd6 67. Nxa6 Kd5 68. Nc5 Kd6 69. a6
Kc7 70. Ke4 Kb6 71. Ke5 Kc7 72. Ke6 Kb6 73. Kd6 Kb5 74. a7 Kc4 75. a8=Q
{Black resigns}
1-0

[Event "ICCopen2017"]
[Site "Internet Chess Club"]
[Date "2017.04.02"]
[Round "4"]
[White "Siryk"]
[Black "MATEPROOF"]
[Result "1-0"]
[ICCResult "Black resigns"]
[WhiteElo "2785"]
[BlackElo "1996"]
[Opening "Robatsch (modern) defense"]
[ECO "A40"]
[NIC "KF.05"]
[Time "19:41:19"]
[TimeControl "180+0"]

1. d4 g6 2. e4 Bg7 3. Nc3 d6 4. Be3 Nf6 5. f3 c6 6. Qd2 b5 7. Nge2 Nbd7 8.
a4 b4 9. Nd1 a5 10. c3 c5 11. Nf2 O-O 12. g3 Ba6 13. Nc1 Qc8 14. Bxa6 Qxa6
15. Qe2 Qb7 16. O-O Rab8 17. Nd1 bxc3 18. bxc3 cxd4 19. cxd4 Rfc8 20. Ra2
Qb1 21. Rb2 Rxb2 22. Qxb2 Qxb2 23. Nxb2 Rc2 24. Ncd3 Nb6 25. Rc1 Rxc1+ 26.
Nxc1 Nfd7 27. Nb3 d5 28. e5 Nc4 29. Nxc4 dxc4 30. Nxa5 Nb6 31. Nc6 Nxa4 32.
Nxe7+ Kf8 33. Nc6 c3 34. Kf2 Nb2 35. Ke2 Nc4 36. Nb4 Ke7 37. Nd5+ Ke6 38.
Nxc3 Bf8 39. f4 Bb4 40. d5+ Kf5 41. Nb5 Ke4 42. d6 Nxe3 43. d7 Ba5 44. Nd6+
Kd4 45. Nxf7 Ng4 46. d8=Q+ Bxd8 47. Nxd8 Nxe5 48. fxe5 Kxe5 49. Kf3 Kf5 50.
Nc6 Kg5 51. Nd4 Kh5 52. Ne6 g5 53. h3 h6 54. Nf8 g4+ 55. hxg4+ Kg5 56. Ne6+
Kg6 57. Nd4 Kg5 58. Nf5 h5 59. gxh5 Kxh5 60. Kf4 Kg6 61. g4 Kf6 62. g5+ Kg6
63. Kg4 Kh7 64. Nh4 Kg7 65. Kh5 Kh7 66. g6+ Kg7 67. Kg5 Kh8 68. Nf5 Kg8 69.
Kf6 Kh8 70. g7+ Kh7 71. Ne7 {Black resigns} 1-0

[Event "ICCopen2017"]
[Site "Internet Chess Club"]
[Date "2017.04.02"]
[Round "4"]
[White "Kusox"]
[Black "GregoryHouse"]
[Result "0-1"]
[ICCResult "White forfeits on time"]
[WhiteElo "2102"]
[BlackElo "1945"]
[Opening "Philidor: Improved Hanham variation"]
[ECO "B07"]
[NIC "VO.17"]
[Time "19:41:20"]
[TimeControl "180+0"]

1. e4 d6 2. Nf3 Nf6 3. Nc3 e5 4. d4 Nbd7 5. dxe5 dxe5 6. Bc4 Be7 7. O-O O-O
8. h3 c6 9. a4 Qc7 10. Be3 b6 11. Qe2 a6 12. Rfd1 Bb7 13. Nh4 Bb4 14. Nf5 b5
15. Bb3 g6 16. Nh6+ Kg7 17. Bg5 Bxc3 18. bxc3 c5 19. axb5 Nxe4 20. Qd3 Nb6
21. bxa6 Bc6 22. Be3 Rad8 23. Qf1 Rxd1 24. Qxd1 Nxc3 25. Qe1 Nbd5 26. Bxc5
Ra8 27. Bxd5 Nxd5 28. Ng4 f6 29. a7 Nf4 30. Ne3 Bxg2 31. Qb4 Qc6 32. Qb6 Qf3
33. Qc7+ Kh6 34. Qd7 Nxh3+ 35. Kh2 f5 36. Nxg2 Ng5 37. Qe7 Re8 38. Qxg5+
Kxg5 39. Be3+ f4 40. Bb6 Qh5+ 41. Kg1 Qg4 {White forfeits on time} 0-1

[Event "ICCopen2017"]
[Site "Internet Chess Club"]
[Date "2017.04.02"]
[Round "4"]
[White "Mysterious17"]
[Black "azchess15"]
[Result "0-1"]
[ICCResult "White resigns"]
[WhiteElo "1674"]
[BlackElo "2109"]
[Opening "Sicilian: closed"]
[ECO "B23"]
[NIC "SI.44"]
[Time "19:42:00"]
[TimeControl "180+0"]

1. e4 c5 2. Nc3 a6 3. f4 e6 4. a4 Nc6 5. Nf3 d5 6. e5 Nh6 7. b3 Nf5 8. Bb2
Be7 9. Bd3 b6 10. O-O Bb7 11. Bxf5 exf5 12. d4 cxd4 13. Nxd4 Nxd4 14. Qd3 g6
15. Rad1 Ne6 16. Nxd5 Bxd5 17. Qxd5 Qxd5 18. Rxd5 Rd8 19. Rfd1 Rxd5 20. Rxd5
Bc5+ 21. Kf1 Nxf4 22. Rd1 Ne6 23. Rd5 Ke7 {White resigns} 0-1

[Event "ICCopen2017"]
[Site "Internet Chess Club"]
[Date "2017.04.02"]
[Round "4"]
[White "EddieBarber"]
[Black "samank"]
[Result "1-0"]
[ICCResult "Black checkmated"]
[WhiteElo "1689"]
[BlackElo "1363"]
[Opening "Sicilian: Sozin, not Scheveningen"]
[ECO "B57"]
[NIC "SI.25"]
[Time "19:41:17"]
[TimeControl "180+0"]

1. e4 c5 2. Nf3 d6 3. d4 Nf6 4. Nc3 cxd4 5. Nxd4 Nc6 6. Bc4 e5 7. Nde2 Be6
8. Bb3 Be7 9. O-O O-O 10. Ng3 Rc8 11. Bg5 Nd4 12. Bxf6 Bxf6 13. Nd5 Nxb3 14.
axb3 Bxd5 15. exd5 a6 16. c3 Re8 17. Ne4 Qe7 18. b4 Rc4 19. Qd3 b5 20. Rxa6
Bg5 21. Nxd6 e4 22. Qe2 Bf4 23. Nxc4 bxc4 24. g3 Bd6 25. Rxd6 Qxd6 26. Qxc4
f5 27. Qc5 Rd8 28. Qxd6 Rxd6 29. c4 Rd8 30. Rd1 Kf7 31. c5 Ke7 32. b5 Kd7
33. b4 Kc7 34. b6+ Kb7 35. Ra1 Kb8 36. d6 Kb7 37. Ra7+ Kc6 38. Rc7+ Kb5 39.
b7 Rb8 40. c6 Kxb4 41. Rc8 Rxb7 42. cxb7 Ka3 43. b8=Q Ka2 44. Qb7 Ka3 45.
Ra8# {Black checkmated} 1-0

[Event "ICCopen2017"]
[Site "Internet Chess Club"]
[Date "2017.04.02"]
[Round "4"]
[White "TudoracheM"]
[Black "atoz"]
[Result "1/2-1/2"]
[ICCResult "White ran out of time and Black has no material to mate"]
[WhiteElo "1691"]
[BlackElo "1376"]
[Opening "Sicilian: dragon, Yugoslav attack, Rauser variation"]
[ECO "B76"]
[NIC "SI.17"]
[Time "19:41:04"]
[TimeControl "180+0"]

1. e4 c5 2. Nf3 d6 3. d4 cxd4 4. Nxd4 Nf6 5. Nc3 g6 6. f3 Bg7 7. Be3 O-O 8.
Qd2 Nc6 9. O-O-O Bd7 10. g4 Rc8 11. h4 h5 12. g5 Ne8 13. Nd5 Ne5 14. f4 Nc4
15. Bxc4 Rxc4 16. f5 Be5 17. Rhf1 Nc7 18. Nf3 Nxd5 19. exd5 Bxf5 20. Nxe5
Rxc2+ 21. Qxc2 Bxc2 22. Kxc2 dxe5 23. Kb1 Qa5 24. Rd3 Rc8 25. Rfd1 Rc4 26.
d6 exd6 27. Rxd6 Rxh4 28. Rd7 Rh3 29. Bc1 Rf3 30. Rxb7 Qa6 31. Rbd7 e4 32.
b3 Qe6 33. Rd8+ Kh7 34. Bb2 f6 35. R1d7+ Qxd7 36. Rxd7+ Kg8 37. Bxf6 e3 38.
Re7 Rf1+ 39. Kc2 Rf2+ 40. Kd3 Rxa2 41. Rxe3 h4 42. Kc4 Kf7 43. Rh3 Rc2+ 44.
Kb4 Rf2 45. Rxh4 Rxf6 46. gxf6 Kxf6 47. Rh7 g5 48. Rxa7 Kf5 49. Ra5+ Kf4 50.
Rxg5 Kxg5 51. Kc5 Kf6 52. Kc6 Ke7 53. b4 Ke8 54. Kb7 Kd8 55. b5 Kd7 56. Ka7
Kd8 57. b6 Kd7 58. b7 Kc7 59. b8=Q+ Kc6 60. Qb7+ Kc5 61. Ka6 Kd4 62. Qc6 Ke5
63. Qd7 Ke4 64. Qd6 Kf5 65. Qe7 Kf4 66. Qe6 Kg3 67. Kb5 Kf4 68. Kc5 Kf3 69.
Kd5 Kf4 {White ran out of time and Black has no material to mate} 1/2-1/2